 Dungeon Crawl Stone Soup version 0.23.2-1-ga50397a (webtiles) character file.

Game seed: 10151367670896945583

173 wilfster70 the Magician (level 5, -1/28 HPs)
             Began as a Deep Elf Fire Elementalist on May 16, 2019.
             Slain by Blork the orc
             ... wielding a +0 flail
              (11 damage)
             ... on level 4 of the Dungeon.
             The game lasted 00:08:53 (2943 turns).

wilfster70 the Magician (DEFE)                      Turns: 2943, Time: 00:08:54

Health: -1/28      AC:  2    Str:  5    XL:     5   Next: 28%
Magic:  0/14       EV: 13    Int: 21    God:
Gold:   134        SH:  0    Dex: 15    Spells: 6/14 levels left

rFire    . . .     SeeInvis .   a - +1 short sword
rCold    . . .     Gourm    .   (no shield)
rNeg     . . .     Faith    .   f - +0 robe
rPois    .         Spirit   +   (no helmet)
rElec    .         Reflect  .   l - scarf {Spirit}
rCorr    .         Harm     .   (no gloves)
MR       .....                  (no boots)
Stlth    ++........             (no amulet)
HPRegen  0.09/turn              (no ring)
MPRegen  0.14/turn              (no ring)

@: no status effects
A: no striking features
a: no special abilities


You were on level 4 of the Dungeon.
You were not hungry.

You visited 1 branch of the dungeon, and saw 4 of its levels.

You collected 134 gold pieces.

Inventory:

Hand Weapons
 a - a +1 short sword (weapon)
Missiles
 g - 36 sling bullets
 j - 115 stones (quivered)
Armour
 b - a +0 cloak
 f - a +0 robe (worn)
 l - a scarf of spirit shield (worn)
Jewellery
 d - an uncursed ring of fire
Scrolls
 h - 4 scrolls of identify
Potions
 i - a potion of might
 k - a potion of agility
Comestibles
 c - 5 rations


   Skills:
 - Level 2.4 Dodging
 - Level 2.4 Stealth
 + Level 5.0 Spellcasting
 + Level 3.3 Conjurations
 + Level 4.6 Fire Magic


You had 6 spell levels left.
You knew the following spells:

 Your Spells              Type           Power        Failure   Level  Hunger
a - Flame Tongue          Conj/Fire      ###..        1%          1    None
b - Conjure Flame         Conj/Fire      ###.....     6%          3    ##.....
c - Sticky Flame          Conj/Fire      ###.....     21%         4    ####...

Your spell library contained the following spells:

 Spells                   Type           Power        Failure   Level  Hunger
 Throw Flame              Conj/Fire      ###...       3%          2    None
 Inner Flame              Hex/Fire       ###.....     13%         3    ##.....
 Fireball                 Conj/Fire      ###.......   50%         5    #####..


Dungeon Overview and Level Annotations

Branches:
Dungeon (4/15)
 Temple: D:4-7

Altars:
Dithmenos

Shops:
D:4 %

Annotations:
D:4 Blork the orc


Message History

The flame tongue hits the adder.
You kill the adder!
Your Spellcasting skill increases to level 5!
The giant cockroach waves its antennae.
Blork the orc hits you with a +0 flail.
Casting: Flame Tongue (safe; 1% risk of failure)
Confirm with . or Enter, or press ? or * to list all spells.
Aiming: Flame Tongue (safe; 1% risk of failure)
Press: ? - help, Shift-Dir - straight line, f - Blork the orc
Aim: Blork the orc, wielding a +0 flail, wearing a +0 robe and carrying a wand of flame (13) (fast)
The flame tongue misses Blork the orc.
Blork the orc hits you with a +0 flail!
Casting: Flame Tongue (safe; 1% risk of failure)
Confirm with . or Enter, or press ? or * to list all spells.
Aiming: Flame Tongue (safe; 1% risk of failure)
Press: ? - help, Shift-Dir - straight line, f/p - Blork the orc
Aim: Blork the orc, wielding a +0 flail, wearing a +0 robe and carrying a wand of flame (13) (fast)
The flame tongue hits Blork the orc!
Blork the orc is moderately wounded.
Blork the orc hits you with a +0 flail!
You die...

..... ...... .. .....
... ....... #..
....#..## ####.# ....#
#..# ..##.# .#.#
##.### #.##.# #...
#....## .∩##.##..#
##@#=.## .....#..#
#o##..#
.......##[.h.$..s!##.#
##.##...####...####..#
##.##.#..#.##.##.#..##
#..##.......#.#....##
#.###.#....## ##..##
......###...###...#
#.##### #....#..#.#


You could see Blork the orc and a giant cockroach.

Vanquished Creatures
  A hound (D:4)
  6 adders
  2 dart slugs (D:3)
  4 leopard geckos
  2 orcs (D:3)
  9 bats
  4 giant cockroaches
  10 goblins
  12 hobgoblins
  6 jackals
  11 kobolds
  A quokka (D:3)
  A frilled lizard (D:1)
  7 rats
76 creatures vanquished.

Notes
Turn   | Place    | Note
-------+----------+-------------------------------------------
     0 | D:1      | wilfster70 the Deep Elf Fire Elementalist began the quest
                  | for the Orb.
     0 | D:1      | Reached XP level 1. HP: 10/10 MP: 6/6
   190 | D:1      | Reached XP level 2. HP: 15/15 MP: 5/8
   539 | D:1      | Reached XP level 3. HP: 9/19 MP: 2/10
   551 | D:1      | Learned a level 3 spell: Conjure Flame
  1108 | D:2      | Reached skill level 4 in Spellcasting
  1152 | D:2      | Reached XP level 4. HP: 24/24 MP: 6/12
  1982 | D:3      | Learned a level 4 spell: Sticky Flame
  2030 | D:3      | Found a shadowy altar of Dithmenos.
  2889 | D:4      | Found Faec Ceu's Food Emporium.
  2934 | D:4      | Noticed Blork the orc
  2938 | D:4      | Reached XP level 5. HP: 22/28 MP: 7/14
  2941 | D:4      | Reached skill level 5 in Spellcasting
  2943 | D:4      | Slain by Blork the orc

Skill      XL: |  1  2  3  4  5 |
---------------+----------------+-----
Conjurations   | 2 3 |  3.3
Spellcasting   | 4 5 |  5.0
Fire Magic     | 4 |  4.6
Dodging        | |  2.4
Stealth        | |  2.4

Action                   |  1- 3 |  4- 6 || total
-------------------------+-------+-------++-------
Melee: Short sword       |    29 |    11 ||    40
 Cast: Flame Tongue      |    53 |    75 ||   128
       Conjure Flame     |     1 |       ||     1
  Use: Scroll            |       |     6 ||     6
  Eat: Chunk             |     1 |     5 ||     6
Armor: Robe              |    12 |     4 ||    16
Dodge: Dodged            |    38 |    32 ||    70
